 Dungeon Crawl Stone Soup version 0.32-a0-314-g526f7d4993 (webtiles) character file.

Game seed: 862203185903443250

185 IdlyInterested the Trooper (level 5, -1/41 HPs)
             Began as a Demonspawn Fighter on Feb 15, 2024.
             Slain by a crocodile (10 damage)
             ... in a sewer.
             The game lasted 00:08:22 (2590 turns).

IdlyInterested the Trooper (Demonspawn Fighter)     Turns: 2590, Time: 00:08:23

Health: -1/41      AC: 10    Str: 19    XL:     5   Next: 37%
Magic:  5/5        EV:  8    Int:  8    God:
Gold:   168        SH:  4    Dex: 12    Spells: 4/4 levels left

rFire   . .          .
                       - Unarmed
rCold   . . .        b - +0 buckler
rNeg    . . .        m - +0 chain mail
rPois   .            (helmet unavailable)
rElec   .            (no cloak)
rCorr   .            (no gloves)
SInv    .            d - +0 pair of boots
Will    .....        (no amulet) Stlth
                     (no ring)
HPRegen 0.26/turn    (no ring)
MPRegen 0.09/turn

%: no passive effects
@: no status effects
A: hooves 1, ignite blood 1, horns 3
a: no special abilities


You were in a sewer.
You visited 1 branch of the dungeon, and saw 4 of its levels.
You also visited: Sewer.

You collected 168 gold pieces.

Inventory:

Hand Weapons
 e - a +0 spear
 g - a +0 hand axe
 h - a +2 vampiric dagger
 n - a +0 short sword
 p - a +0 whip
Missiles
 r - 2 boomerangs
 v - 4 stones (quivered)
Armour
 a - a +0 scale mail
 b - a +0 buckler (worn)
 d - a +0 pair of boots (worn)
 j - a +0 ring mail
 m - a +0 chain mail (worn)
 u - a +0 cloak
Talismans
 f - a blade talisman
Wands
 c - a wand of polymorph (10)
Scrolls
 i - 2 scrolls of teleportation
 k - a scroll of fear {unknown}
 s - a scroll of torment {unknown}
 t - a scroll of noise {unknown}
 w - a scroll of blinking {unknown}
Potions
 o - a potion of heal wounds {unknown}
 q - a potion of curing {unknown}


   Skills:
 - Level 3.0 Fighting
 - Level 2.0 Throwing
 - Level 2.6 Armour
 - Level 2.0 Dodging
 - Level 2.0 Stealth
 + Level 2.9 Shields
 - Level 2.0 Unarmed Combat
 - Level 2.0 Evocations
 * Level 1.1 Shapeshifting


You had 4 spell levels left.
You didn't know any spells.
Your spell library was empty.

Dungeon Overview and Level Annotations

Branches:
Dungeon (5/15)             Temple (0/1) D:5           Sewer (1/1)

Altars:


Innate Abilities, Weirdness & Mutations

You have large cloven feet.
Your demonic aura sometimes causes spilled blood to erupt in flames.
You have a pair of large horns on your head.


Message History

You throw a stone.
The stone hits the crocodile but does no damage.
Throw: 5 stones
Press: ? - help, Q - select action, (/) - cycle Shift-Dir - straight line, f/p - crocodile
Aim: a crocodile (47% to hit)
You throw a stone.
The stone hits the crocodile but does no damage.
You hit the crocodile but do no damage. You block the crocodile's attack.
You barely miss the crocodile. The crocodile barely misses you.
You closely miss the crocodile. The crocodile bites you!
You barely miss the crocodile. You block the crocodile's attack.
You closely miss the crocodile. You block the crocodile's attack.
You hit the crocodile.
The crocodile is lightly wounded.
You hit the crocodile.
The crocodile is moderately wounded.
The crocodile bites you!
Unknown command.
Okay, then.
It was a potion of mutation.
You feel extremely strange. A pair of horns grows on your head!
The horns on your head grow some more. x2
The crocodile bites you.
Unknown command.
You miss the crocodile.
You headbutt the crocodile, but do no damage.
The crocodile is moderately wounded.
You block the crocodile's attack. The crocodile bites you!
* * * LOW HITPOINT WARNING * * *
You hit the crocodile.
The crocodile is moderately wounded.
You hit the crocodile.
The crocodile is moderately wounded.
You block the crocodile's attack.
You hit the crocodile.
The crocodile is heavily wounded.
The crocodile bites you but does no damage.
You miss the crocodile.
The crocodile is heavily wounded.
The crocodile bites you!
You die...

#.~.#...#
#~.###~.##
#.~. #.~.#
#..# ##..#
#.. #..#
#. #..#
##~~#
#...#
#~@##
#~.l#
.....##
#.~..~#
##...##
#... ~#.#
$?#.


You could see a crocodile.

Vanquished Creatures
  Crazy Yiuf (D:2)
  Jessica (D:2)
  A river rat (D:5)
  2 adders (D:2)
  2 dart slugs
  4 ribbon worms
  3 ball pythons
  6 bats
  5 endoplasms
  A giant cockroach (D:1)
  3 goblins (D:1)
  5 hobgoblins
  3 jackals (Sewer)
  8 kobolds
  3 quokkas
  3 frilled lizards (D:1)
  3 rats (D:2)
54 creatures vanquished.

Notes
Turn   | Place    | Note
-------+----------+-------------------------------------------
     0 | D:1      | IdlyInterested the Demonspawn Fighter began the quest for
                  | the Orb.
     0 | D:1      | Reached XP level 1. HP: 18/18 MP: 1/1
   177 | D:1      | Reached skill level 1 in Dodging
   192 | D:1      | Gained mutation: Your demonic aura sometimes causes spilled
                  | blood to erupt in flames. [demonic ancestry]
   192 | D:1      | Reached XP level 2. HP: 21/24 MP: 2/2
   197 | D:1      | Reached skill level 1 in Shapeshifting
   315 | D:1      | Reached skill level 1 in Stealth
   437 | D:1      | Reached skill level 1 in Evocations
   556 | D:1      | Reached XP level 3. HP: 29/29 MP: 3/3
   586 | D:1      | Reached skill level 1 in Throwing
  1361 | D:2      | Reached XP level 4. HP: 35/35 MP: 4/4
  1384 | D:2      | Noticed Jessica
  1399 | D:2      | Killed Jessica
  1808 | D:2      | Found a runed translucent door.
  1809 | D:2      | Noticed Crazy Yiuf
  2073 | D:2      | Killed Crazy Yiuf
  2074 | D:2      | Gained mutation: You have large cloven feet. [demonic
                  | ancestry]
  2074 | D:2      | Reached XP level 5. HP: 12/41 MP: 5/5
  2330 | D:3      | You fall into a shaft and drop 2 floors!
  2330 | D:5      | Entered Level 5 of the Dungeon
  2422 | D:5      | Found a glowing drain.
  2426 | Sewer    | Entered a sewer
  2573 | Sewer    | Noticed a crocodile
  2585 | Sewer    | Gained mutation: You have a pair of small horns on your
                  | head. [potion of mutation]
  2585 | Sewer    | Gained mutation: You have a pair of horns on your head.
                  | [potion of mutation]
  2585 | Sewer    | Gained mutation: You have a pair of large horns on your
                  | head. [potion of mutation]
  2590 | Sewer    | Slain by a crocodile

Illustrated notes

Levels and vault maps discovered:
D:1:      lemuel_arrival_broad_hall, layout_basic
D:2:      layout_basic, uniq_crazy_yiuf_cottage, uniq_jessica
D:3:      layout_loops_ring, lemuel_doored_altar, xom_redecorated,
          lemuel_tele_altar, serial_shops, shop
D:5:      nicolae_cairo_tiling_very_big, layout_loops_ring, marbit_many_paths,
          mainiacjoe_overflow_alcove_1, gup_sewer_entry_bowl
Sewer:    sewer_the_crocodile

Skill      XL: |  1  2  3  4  5 |
---------------+----------------+-----
Dodging        | 1 2 |  2.0
Shapeshifting  | 1 |  1.1
Stealth        | 1 2 |  2.0
Evocations     | 1 2 |  2.0
Throwing       | 2 |  2.0
Unarmed Combat | 2 |  2.0
Fighting       | |  3.0
Armour         | |  2.6
Shields        | |  2.9

Action                     |  1- 3 |  4- 6 || total
---------------------------+-------+-------++-------
  Melee: Unarmed           |   139 |   152 ||   291
         Headbutt          |       |     1 ||     1
  Throw: Stone             |       |    11 ||    11
    Use: Scroll            |     1 |     2 ||     3
         Potion            |       |     2 ||     2
 Armour: Scale mail        |    41 |       ||    41
         Chain mail        |    55 |    81 ||   136
         Skin              |       |     2 ||     2
  Dodge: Dodged            |    59 |    57 ||   116
  Block: Buckler           |    26 |    27 ||    53

Table legend: (Time is in decaauts)
 A = Elapsed time spent in this place.
 B = Non-inter-level travel time spent in this place.
 C = Inter-level travel time spent in this place.
 D = Time resting spent in this place.
 E = Time spent auto-exploring this place.
 F = Levels seen in this place.
 G = Mean time per level.
                   A        B        C        D        E       F      G
               +--------+--------+--------+--------+--------+-----+--------+
         Total |   2648 |   2298 |    350 |    323 |   1305 |   5 |  529.6 |
       Dungeon |   2477 |   2127 |    350 |    255 |   1268 |   4 |  619.2 |
         Sewer |    171 |    171 |      0 |     68 |     37 |   1 |  171.0 |
               +--------+--------+--------+--------+--------+-----+--------+

Top non-repeatable levels by time:
     D:2: 1215 daAuts
     D:1: 1100 daAuts
   Sewer: 171 daAuts
     D:5: 99 daAuts
     D:3: 62 daAuts
